[ AOE2 MATCH · #463019387 ]
Team RMFranks vs Magyars
[ REPLAY ANALYSIS · EXTRACTED FROM THE RECORDED GAME ]
Feudal
9:17
Castle
22:50
Imperial
44:29
| APM avg | 72.3 |
| APM peak | 154 |
| eAPM avg | 21.4 |
| Villagers / military | 145 / 259 |
Focus
⚔️ 31.8% · 🌾 68.2%
Knight ×243 · Scout Cavalry ×14 · Monk ×2
Feudal
9:21
Castle
23:46
Imperial
—
| APM avg | 36.6 |
| APM peak | 90 |
| eAPM avg | 18.3 |
| Villagers / military | 138 / 175 |
Focus
⚔️ 31.5% · 🌾 68.5%
Battle Elephant ×99 · Knight ×55 · Scout Cavalry ×19 · Monk ×2
Feudal
9:03
Castle
22:56
Imperial
41:08
| APM avg | 60.3 |
| APM peak | 109 |
| eAPM avg | 23.8 |
| Villagers / military | 151 / 200 |
Focus
⚔️ 36.8% · 🌾 63.2%
Knight ×177 · Scout Cavalry ×23
Feudal
9:53
Castle
23:23
Imperial
38:48
| APM avg | 44.8 |
| APM peak | 80 |
| eAPM avg | 17.7 |
| Villagers / military | 122 / 180 |
Focus
⚔️ 50.0% · 🌾 50.0%
Archer ×177 · Trebuchet (Packed) ×3
Feudal
8:40
Castle
25:48
Imperial
—
| APM avg | 54.2 |
| APM peak | 103 |
| eAPM avg | 25.7 |
| Villagers / military | 177 / 217 |
Focus
⚔️ 41.1% · 🌾 58.9%
Archer ×207 · Spearman ×5 · Skirmisher ×4 · Militia ×1
Feudal
9:50
Castle
15:14
Imperial
43:22
| APM avg | 27.0 |
| APM peak | 59 |
| eAPM avg | 17.1 |
| Villagers / military | 202 / 195 |
Focus
⚔️ 26.4% · 🌾 73.6%
Camel Scout ×115 · Scorpion ×38 · War Elephant ×19 · Knight ×15 · Monk ×8
Feudal
10:33
Castle
24:34
Imperial
—
| APM avg | 35.9 |
| APM peak | 85 |
| eAPM avg | 25.6 |
| Villagers / military | 112 / 215 |
Focus
⚔️ 42.1% · 🌾 57.9%
Spearman ×120 · Archer ×53 · Monk ×20 · Shotel Warrior ×12 · Scorpion ×5 · Mangonel ×3
Feudal
10:24
Castle
16:10
Imperial
—
| APM avg | 32.3 |
| APM peak | 85 |
| eAPM avg | 10.6 |
| Villagers / military | 57 / 29 |
Focus
⚔️ 29.5% · 🌾 70.5%
Steppe Lancer ×14 · Cavalry Archer ×11 · Monk ×2 · Mangonel ×2
Match map
Initial resources + every placement click. Lines = walls · curves = elevation contours. ◆ gold · ⬟ stone · ● berries · ✦ relic · ◌ wall gap
Inputs per minute
— Mceffe - - drejac
Build order — Mceffe
First 150 of 466 actions detected
| 0:00 | Create | Villager (Male) |
| 0:00 | Create | Villager (Male) |
| 0:01 | Create | Villager (Male) |
| 0:01 | Create | Villager (Male) |
| 0:02 | Build | House |
| 0:03 | Build | House |
| 1:25 | Create | Villager (Male) |
| 1:25 | Create | Villager (Male) |
| 1:53 | Build | Lumber Camp |
| 2:02 | Create | Villager (Male) |
| 2:03 | Create | Villager (Male) |
| 2:30 | Create | Villager (Male) |
| 2:30 | Create | Villager (Male) |
| 2:43 | Create | Villager (Male) |
| 2:43 | Create | Villager (Male) |
| 3:22 | Create | Villager (Male) |
| 3:23 | Create | Villager (Male) |
| 3:38 | Create | Villager (Male) |
| 3:38 | Create | Villager (Male) |
| 3:57 | Build | House |
| 3:58 | Build | House |
| 4:12 | Create | Villager (Male) |
| 4:12 | Create | Villager (Male) |
| 4:28 | Build | Mill |
| 4:32 | Create | Villager (Male) |
| 4:33 | Create | Villager (Male) |
| 4:53 | Create | Villager (Male) |
| 4:53 | Create | Villager (Male) |
| 4:53 | Create | Villager (Male) |
| 5:20 | Create | Villager (Male) |
| 6:09 | Create | Villager (Male) |
| 6:35 | Research | Loom |
| 7:04 | Research | Feudal Age |
| 7:22 | Build | Lumber Camp |
| 8:36 | Build | Barracks |
| 9:09 | Create | Villager (Male) |
| 9:10 | Create | Villager (Male) |
| 9:17 | Age | Feudal Age |
| 9:20 | Research | Double-Bit Axe |
| 9:36 | Build | Stable |
| 9:42 | Build | Palisade Wall |
| 9:43 | Build | Palisade Wall |
| 9:52 | Create | Villager (Male) |
| 9:56 | Build | Farm |
| 10:08 | Create | Villager (Male) |
| 10:11 | Build | Farm |
| 10:31 | Build | Farm |
| 10:34 | Create | Villager (Male) |
| 10:36 | Create | Scout Cavalry |
| 10:36 | Create | Scout Cavalry |
| 10:39 | Build | House |
| 10:40 | Build | House |
| 10:43 | Build | Palisade Wall |
| 10:45 | Build | Palisade Wall |
| 10:46 | Create | Villager (Male) |
| 11:13 | Build | House |
| 11:21 | Build | Palisade Wall |
| 11:25 | Create | Villager (Male) |
| 11:26 | Build | Farm |
| 11:29 | Build | Farm |
| 11:53 | Build | Farm |
| 12:02 | Create | Scout Cavalry |
| 12:08 | Build | Farm |
| 12:10 | Create | Villager (Male) |
| 12:51 | Create | Scout Cavalry |
| 12:51 | Create | Scout Cavalry |
| 12:53 | Create | Villager (Male) |
| 12:56 | Build | Farm |
| 12:56 | Build | Farm |
| 13:13 | Build | House |
| 13:16 | Build | Palisade Wall |
| 13:17 | Create | Villager (Male) |
| 13:20 | Build | Blacksmith |
| 13:23 | Create | Scout Cavalry |
| 13:26 | Build | Farm |
| 13:38 | Build | Farm |
| 13:41 | Create | Scout Cavalry |
| 13:48 | Create | Villager (Male) |
| 13:48 | Create | Villager (Male) |
| 13:48 | Create | Villager (Male) |
| 14:11 | Build | House |
| 14:15 | Build | Palisade Wall |
| 14:16 | Create | Villager (Male) |
| 14:16 | Create | Villager (Male) |
| 14:59 | Create | Scout Cavalry |
| 14:59 | Create | Scout Cavalry |
| 15:14 | Build | Mining Camp |
| 15:14 | Create | Villager (Male) |
| 15:15 | Create | Villager (Male) |
| 15:22 | Build | Farm |
| 15:23 | Build | Farm |
| 15:23 | Build | Farm |
| 15:24 | Build | Farm |
| 15:25 | Build | Farm |
| 15:42 | Create | Villager (Male) |
| 16:19 | Build | Palisade Wall |
| 16:26 | Build | Farm |
| 16:27 | Build | Farm |
| 16:30 | Research | Wheelbarrow |
| 16:51 | Create | Scout Cavalry |
| 17:07 | Research | Forging |
| 17:59 | Create | Villager (Male) |
| 17:59 | Create | Villager (Male) |
| 18:33 | Create | Scout Cavalry |
| 18:33 | Create | Villager (Male) |
| 18:36 | Build | Farm |
| 18:40 | Build | Market |
| 19:15 | Create | Villager (Male) |
| 19:16 | Create | Villager (Male) |
| 19:20 | Build | Farm |
| 19:43 | Build | House |
| 19:44 | Build | House |
| 19:46 | Build | House |
| 19:48 | Build | House |
| 19:52 | Build | Farm |
| 20:10 | Research | Castle Age |
| 20:30 | Build | Stable |
| 20:39 | Build | Farm |
| 20:40 | Build | Farm |
| 20:42 | Build | Farm |
| 20:50 | Research | Scale Barding Armor |
| 20:53 | Create | Scout Cavalry |
| 20:53 | Create | Scout Cavalry |
| 21:23 | Create | Scout Cavalry |
| 22:50 | Build | Farm |
| 22:50 | Age | Castle Age |
| 22:51 | Create | Villager (Male) |
| 22:51 | Create | Villager (Male) |
| 22:52 | Create | Knight |
| 22:52 | Create | Knight |
| 22:53 | Create | Knight |
| 22:53 | Create | Knight |
| 23:00 | Research | Chain Barding Armor |
| 23:15 | Create | Villager (Male) |
| 23:16 | Research | Bow Saw |
| 23:27 | Research | Light Cavalry (upgrade) |
| 23:30 | Build | Farm |
| 23:42 | Create | Knight |
| 23:51 | Build | Town Center |
| 24:15 | Build | Farm |
| 24:16 | Build | Farm |
| 24:17 | Create | Villager (Male) |
| 24:18 | Create | Villager (Male) |
| 24:18 | Create | Villager (Male) |
| 24:19 | Create | Villager (Male) |
| 24:19 | Create | Villager (Male) |
| 24:22 | Research | Iron Casting |
| 24:38 | Create | Villager (Male) |
| 25:07 | Create | Villager (Male) |
| 25:15 | Research | Husbandry |
Build order — drejac
First 150 of 430 actions detected
| 0:01 | Create | Villager (Male) |
| 0:01 | Create | Villager (Male) |
| 0:02 | Build | House |
| 0:03 | Build | House |
| 0:34 | Create | Villager (Male) |
| 0:35 | Create | Villager (Male) |
| 0:35 | Create | Villager (Male) |
| 1:37 | Create | Villager (Male) |
| 1:38 | Create | Villager (Male) |
| 1:51 | Build | Lumber Camp |
| 1:59 | Create | Villager (Male) |
| 1:59 | Create | Villager (Male) |
| 2:14 | Create | Villager (Male) |
| 2:43 | Build | House |
| 2:51 | Create | Villager (Male) |
| 2:51 | Create | Villager (Male) |
| 3:05 | Create | Villager (Male) |
| 3:05 | Create | Villager (Male) |
| 3:33 | Create | Villager (Male) |
| 3:34 | Create | Villager (Male) |
| 3:50 | Create | Villager (Male) |
| 3:50 | Create | Villager (Male) |
| 3:59 | Build | House |
| 4:26 | Create | Villager (Male) |
| 4:26 | Create | Villager (Male) |
| 4:26 | Create | Villager (Male) |
| 4:26 | Create | Villager (Male) |
| 5:19 | Create | Villager (Male) |
| 5:29 | Build | Mill |
| 5:41 | Create | Villager (Male) |
| 5:41 | Create | Villager (Male) |
| 5:41 | Create | Villager (Male) |
| 6:46 | Research | Loom |
| 6:51 | Create | Villager (Male) |
| 6:51 | Create | Villager (Male) |
| 7:03 | Research | Feudal Age |
| 7:30 | Build | Lumber Camp |
| 8:10 | Build | House |
| 8:13 | Build | Palisade Wall |
| 8:23 | Build | Palisade Wall |
| 8:34 | Build | Farm |
| 9:07 | Create | Villager (Male) |
| 9:08 | Create | Villager (Male) |
| 9:21 | Age | Feudal Age |
| 9:28 | Build | Stable |
| 10:00 | Create | Villager (Male) |
| 10:11 | Create | Scout Cavalry |
| 10:12 | Create | Scout Cavalry |
| 10:12 | Create | Scout Cavalry |
| 10:23 | Build | Stable |
| 10:32 | Create | Scout Cavalry |
| 10:36 | Build | House |
| 10:38 | Build | House |
| 10:49 | Build | Palisade Wall |
| 10:53 | Build | Palisade Wall |
| 10:58 | Build | Palisade Wall |
| 11:01 | Build | Palisade Wall |
| 11:02 | Build | Palisade Wall |
| 11:09 | Create | Scout Cavalry |
| 11:29 | Create | Villager (Male) |
| 11:29 | Create | Villager (Male) |
| 11:29 | Create | Villager (Male) |
| 11:33 | Build | Farm |
| 11:44 | Build | Farm |
| 11:47 | Build | Farm |
| 11:56 | Build | Farm |
| 12:15 | Create | Villager (Male) |
| 12:18 | Create | Scout Cavalry |
| 13:04 | Create | Villager (Male) |
| 13:04 | Create | Villager (Male) |
| 13:05 | Create | Scout Cavalry |
| 13:06 | Create | Scout Cavalry |
| 13:35 | Create | Scout Cavalry |
| 13:40 | Build | Farm |
| 13:42 | Build | Farm |
| 13:43 | Build | Farm |
| 14:14 | Create | Scout Cavalry |
| 14:15 | Create | Villager (Male) |
| 14:22 | Build | Farm |
| 14:22 | Build | Farm |
| 14:22 | Build | Farm |
| 14:22 | Build | Farm |
| 14:22 | Build | Farm |
| 14:23 | Build | Farm |
| 14:23 | Build | Farm |
| 14:23 | Build | Farm |
| 14:23 | Build | Farm |
| 14:34 | Create | Villager (Male) |
| 14:59 | Create | Scout Cavalry |
| 15:01 | Create | Villager (Male) |
| 15:10 | Build | House |
| 15:10 | Build | House |
| 15:17 | Build | House |
| 15:18 | Build | House |
| 15:19 | Create | Villager (Male) |
| 15:23 | Research | Double-Bit Axe |
| 15:53 | Create | Scout Cavalry |
| 15:54 | Create | Scout Cavalry |
| 16:07 | Create | Villager (Male) |
| 16:11 | Build | Blacksmith |
| 16:14 | Build | Farm |
| 16:14 | Build | Farm |
| 16:17 | Build | Farm |
| 16:21 | Build | House |
| 16:42 | Create | Scout Cavalry |
| 16:43 | Create | Villager (Male) |
| 16:47 | Build | Farm |
| 16:54 | Build | Mining Camp |
| 17:32 | Create | Scout Cavalry |
| 17:32 | Create | Scout Cavalry |
| 17:32 | Create | Villager (Male) |
| 17:33 | Create | Villager (Male) |
| 17:55 | Create | Villager (Male) |
| 18:18 | Create | Villager (Male) |
| 18:21 | Build | Farm |
| 18:23 | Build | Farm |
| 18:24 | Build | Farm |
| 18:26 | Build | Farm |
| 18:29 | Build | Farm |
| 19:01 | Research | Bloodlines |
| 19:04 | Research | Scale Barding Armor |
| 19:05 | Research | Forging |
| 19:05 | Research | Forging |
| 19:05 | Research | Forging |
| 19:08 | Create | Scout Cavalry |
| 19:09 | Create | Scout Cavalry |
| 19:09 | Create | Scout Cavalry |
| 19:42 | Create | Villager (Male) |
| 19:44 | Create | Villager (Male) |
| 19:44 | Create | Villager (Male) |
| 20:27 | Create | Villager (Male) |
| 20:27 | Create | Villager (Male) |
| 21:06 | Research | Castle Age |
| 21:06 | Research | Castle Age |
| 21:06 | Research | Castle Age |
| 21:30 | Build | Stable |
| 21:48 | Research | Horse Collar |
| 21:49 | Research | Horse Collar |
| 21:50 | Research | Gold Mining |
| 22:41 | Build | Stable |
| 23:10 | Create | Villager (Male) |
| 23:10 | Create | Villager (Male) |
| 23:10 | Create | Villager (Male) |
| 23:11 | Create | Villager (Male) |
| 23:46 | Age | Castle Age |
| 23:46 | Create | Knight |
| 23:47 | Create | Knight |
| 23:47 | Create | Knight |
| 23:55 | Research | Husbandry |
| 23:57 | Research | Chain Barding Armor |
Build order — RDA | Trippelonga
First 150 of 542 actions detected
| 0:01 | Create | Villager (Male) |
| 0:01 | Create | Villager (Male) |
| 0:02 | Build | House |
| 0:03 | Build | House |
| 0:09 | Create | Villager (Male) |
| 0:09 | Create | Villager (Male) |
| 1:27 | Create | Villager (Male) |
| 1:53 | Build | Lumber Camp |
| 1:58 | Create | Villager (Male) |
| 2:23 | Create | Villager (Male) |
| 2:23 | Create | Villager (Male) |
| 2:53 | Create | Villager (Male) |
| 3:10 | Create | Villager (Male) |
| 3:10 | Create | Villager (Male) |
| 3:24 | Build | House |
| 3:36 | Create | Villager (Male) |
| 3:53 | Build | Mill |
| 3:59 | Create | Villager (Male) |
| 4:29 | Create | Villager (Male) |
| 5:07 | Create | Villager (Male) |
| 5:09 | Research | Loom |
| 5:30 | Create | Villager (Male) |
| 5:34 | Research | Loom |
| 5:53 | Build | House |
| 6:25 | Create | Villager (Male) |
| 6:53 | Research | Feudal Age |
| 6:57 | Build | Lumber Camp |
| 7:37 | Build | House |
| 8:11 | Build | Barracks |
| 8:49 | Create | Villager (Male) |
| 8:50 | Create | Villager (Male) |
| 9:03 | Age | Feudal Age |
| 9:09 | Build | Stable |
| 9:14 | Build | Stable |
| 9:19 | Create | Villager (Male) |
| 9:35 | Build | Palisade Wall |
| 9:39 | Build | Palisade Wall |
| 9:42 | Create | Villager (Male) |
| 9:48 | Build | Farm |
| 10:00 | Research | Double-Bit Axe |
| 10:09 | Create | Scout Cavalry |
| 10:09 | Create | Scout Cavalry |
| 10:15 | Create | Villager (Male) |
| 10:17 | Build | Farm |
| 10:20 | Build | Palisade Wall |
| 10:27 | Build | Building 796 |
| 10:34 | Build | Palisade Wall |
| 10:37 | Create | Villager (Male) |
| 10:40 | Build | Farm |
| 10:47 | Build | Palisade Wall |
| 10:58 | Create | Scout Cavalry |
| 10:58 | Create | Scout Cavalry |
| 11:01 | Build | Farm |
| 11:21 | Build | Farm |
| 11:26 | Build | Palisade Wall |
| 11:27 | Build | Palisade Wall |
| 11:35 | Create | Villager (Male) |
| 11:40 | Create | Scout Cavalry |
| 11:47 | Build | House |
| 11:51 | Build | Palisade Wall |
| 11:59 | Create | Villager (Male) |
| 12:08 | Build | Farm |
| 12:10 | Build | Farm |
| 12:15 | Build | Palisade Wall |
| 12:22 | Create | Scout Cavalry |
| 12:42 | Create | Villager (Male) |
| 12:45 | Build | Farm |
| 12:48 | Build | Farm |
| 12:58 | Create | Villager (Male) |
| 13:05 | Create | Villager (Male) |
| 13:09 | Build | Farm |
| 13:22 | Build | House |
| 13:26 | Create | Scout Cavalry |
| 13:33 | Create | Villager (Male) |
| 13:38 | Build | Farm |
| 13:41 | Build | Farm |
| 13:46 | Create | Villager (Male) |
| 14:03 | Build | Farm |
| 14:10 | Build | House |
| 14:18 | Create | Villager (Male) |
| 14:23 | Create | Scout Cavalry |
| 14:41 | Create | Villager (Male) |
| 14:47 | Create | Villager (Male) |
| 14:53 | Create | Villager (Male) |
| 14:57 | Build | Market |
| 15:04 | Create | Scout Cavalry |
| 15:18 | Create | Villager (Male) |
| 15:24 | Build | Blacksmith |
| 15:32 | Create | Scout Cavalry |
| 15:34 | Create | Villager (Male) |
| 15:58 | Build | Farm |
| 15:59 | Build | Farm |
| 15:59 | Build | Farm |
| 15:59 | Build | Farm |
| 16:00 | Build | Farm |
| 16:01 | Create | Villager (Male) |
| 16:06 | Build | House |
| 16:07 | Build | House |
| 16:29 | Create | Scout Cavalry |
| 16:37 | Build | Mining Camp |
| 16:41 | Build | Palisade Wall |
| 16:50 | Research | Scale Barding Armor |
| 16:54 | Create | Villager (Male) |
| 17:07 | Research | Horse Collar |
| 17:20 | Create | Scout Cavalry |
| 17:40 | Create | Scout Cavalry |
| 17:40 | Create | Scout Cavalry |
| 17:59 | Create | Scout Cavalry |
| 18:11 | Create | Scout Cavalry |
| 18:11 | Create | Scout Cavalry |
| 18:36 | Create | Scout Cavalry |
| 18:38 | Create | Villager (Male) |
| 18:49 | Create | Villager (Male) |
| 18:52 | Build | Farm |
| 19:11 | Create | Scout Cavalry |
| 19:18 | Create | Villager (Male) |
| 19:23 | Build | House |
| 19:51 | Create | Villager (Male) |
| 19:55 | Build | House |
| 20:13 | Research | Castle Age |
| 20:18 | Build | Stable |
| 20:23 | Build | House |
| 20:24 | Build | House |
| 20:32 | Research | Gold Mining |
| 20:37 | Create | Scout Cavalry |
| 21:05 | Create | Villager (Male) |
| 21:05 | Create | Villager (Male) |
| 21:18 | Create | Scout Cavalry |
| 21:18 | Create | Scout Cavalry |
| 21:49 | Research | Bloodlines |
| 21:53 | Create | Villager (Male) |
| 21:57 | Build | Farm |
| 21:59 | Build | Farm |
| 22:05 | Build | Farm |
| 22:08 | Create | Scout Cavalry |
| 22:15 | Create | Villager (Male) |
| 22:18 | Build | Farm |
| 22:21 | Build | Farm |
| 22:24 | Build | Farm |
| 22:47 | Create | Villager (Male) |
| 22:56 | Age | Castle Age |
| 23:00 | Create | Knight |
| 23:00 | Create | Knight |
| 23:11 | Create | Knight |
| 23:18 | Create | Villager (Male) |
| 23:22 | Build | Town Center |
| 23:27 | Create | Knight |
| 23:28 | Create | Knight |
| 23:30 | Create | Villager (Male) |
| 23:47 | Create | Villager (Male) |
Build order — 2rich4u81
First 150 of 379 actions detected
| 0:05 | Create | Villager (Male) ×4 |
| 0:07 | Build | House |
| 0:09 | Build | House |
| 1:26 | Build | Lumber Camp |
| 1:27 | Create | Villager (Male) |
| 1:54 | Create | Villager (Male) |
| 2:12 | Create | Villager (Male) |
| 2:41 | Create | Villager (Male) |
| 3:07 | Build | House |
| 3:16 | Create | Villager (Male) |
| 3:24 | Create | Villager (Male) |
| 3:39 | Build | House |
| 3:52 | Create | Villager (Male) |
| 4:04 | Build | Mill |
| 4:11 | Build | Palisade Wall |
| 4:13 | Build | Palisade Wall |
| 4:46 | Create | Villager (Male) |
| 5:03 | Create | Villager (Male) |
| 5:13 | Research | Loom |
| 5:35 | Create | Villager (Male) |
| 6:22 | Create | Villager (Male) |
| 6:51 | Create | Villager (Male) |
| 6:59 | Build | Mining Camp |
| 7:18 | Create | Villager (Male) |
| 7:41 | Research | Feudal Age |
| 8:03 | Build | Palisade Wall |
| 8:25 | Build | Barracks |
| 8:49 | Build | House |
| 9:32 | Create | Villager (Male) |
| 9:53 | Age | Feudal Age |
| 9:59 | Build | Archery Range |
| 10:00 | Research | Double-Bit Axe |
| 10:01 | Create | Villager (Male) |
| 10:14 | Create | Villager (Male) |
| 10:38 | Build | Archery Range |
| 10:40 | Create | Villager (Male) |
| 10:52 | Build | Palisade Wall |
| 10:55 | Create | Archer |
| 10:56 | Create | Villager (Male) |
| 11:09 | Build | Blacksmith |
| 11:15 | Create | Villager (Male) |
| 11:23 | Build | Mill |
| 11:27 | Create | Archer |
| 11:38 | Create | Villager (Male) |
| 11:42 | Create | Archer |
| 11:50 | Research | Fletching |
| 11:51 | Create | Archer |
| 12:08 | Create | Archer |
| 12:19 | Create | Archer |
| 12:20 | Create | Villager (Male) |
| 12:26 | Build | House |
| 12:34 | Build | House |
| 12:45 | Create | Archer |
| 13:04 | Research | Padded Archer Armor |
| 13:08 | Build | House |
| 13:14 | Create | Archer |
| 13:23 | Build | House |
| 13:27 | Build | Farm |
| 13:29 | Build | Farm |
| 13:30 | Build | Farm |
| 13:31 | Create | Villager (Male) |
| 13:46 | Create | Archer |
| 13:52 | Build | House |
| 13:59 | Build | Farm |
| 14:09 | Build | Palisade Wall |
| 14:12 | Create | Archer |
| 14:20 | Create | Villager (Male) |
| 14:30 | Create | Archer |
| 14:36 | Build | House |
| 14:49 | Create | Archer |
| 14:49 | Create | Archer |
| 14:51 | Create | Villager (Male) |
| 14:58 | Build | Archery Range |
| 14:59 | Create | Villager (Male) |
| 15:08 | Create | Villager (Male) |
| 15:10 | Build | House |
| 15:16 | Build | Farm |
| 15:23 | Create | Archer |
| 15:23 | Create | Archer |
| 15:42 | Create | Villager (Male) |
| 15:46 | Build | House |
| 15:47 | Create | Villager (Male) |
| 15:50 | Build | Farm |
| 15:56 | Build | Lumber Camp |
| 16:01 | Create | Archer |
| 16:04 | Build | House |
| 16:22 | Build | Palisade Wall |
| 16:28 | Create | Archer |
| 16:28 | Create | Archer |
| 16:38 | Create | Villager (Male) |
| 16:42 | Build | Farm |
| 16:56 | Create | Archer |
| 16:57 | Create | Villager (Male) |
| 17:46 | Create | Villager (Male) |
| 17:46 | Create | Archer |
| 17:48 | Create | Archer |
| 17:59 | Create | Villager (Male) |
| 18:03 | Build | Farm |
| 18:07 | Create | Villager (Male) |
| 18:11 | Build | Palisade Wall |
| 18:28 | Create | Archer |
| 18:28 | Create | Archer |
| 18:39 | Build | House |
| 18:42 | Build | Market |
| 18:54 | Create | Archer |
| 18:54 | Create | Archer |
| 19:11 | Create | Archer |
| 19:14 | Create | Villager (Male) |
| 19:19 | Build | House |
| 19:24 | Create | Villager (Male) |
| 19:27 | Build | House |
| 19:33 | Create | Archer |
| 19:33 | Create | Archer |
| 19:36 | Create | Villager (Male) |
| 20:01 | Build | Building 804 |
| 20:04 | Build | Palisade Wall |
| 20:43 | Research | Castle Age |
| 20:47 | Create | Archer |
| 20:47 | Create | Archer |
| 21:10 | Build | Farm |
| 21:34 | Create | Archer |
| 21:35 | Create | Archer |
| 21:53 | Build | Farm |
| 21:54 | Build | Farm |
| 22:04 | Create | Archer |
| 22:04 | Create | Archer |
| 22:08 | Create | Villager (Male) |
| 22:10 | Build | Farm |
| 22:20 | Create | Archer |
| 22:49 | Create | Archer |
| 22:49 | Create | Archer |
| 22:54 | Research | Horse Collar |
| 22:55 | Research | Gold Mining |
| 22:58 | Create | Archer |
| 23:06 | Build | Farm |
| 23:23 | Age | Castle Age |
| 23:28 | Research | Crossbowman (upgrade) |
| 23:29 | Research | Bodkin Arrow |
| 23:33 | Create | Villager (Male) |
| 23:37 | Build | Farm |
| 24:10 | Create | Villager (Male) |
| 24:14 | Build | Farm |
| 24:34 | Create | Villager (Male) |
| 24:39 | Research | Bow Saw |
| 24:54 | Build | Farm |
| 25:04 | Create | Villager (Male) |
| 25:12 | Build | University |
| 25:36 | Create | Archer |
| 25:37 | Create | Archer |
| 25:48 | Create | Archer |
Build order — RDA Ronan
First 150 of 577 actions detected
| 0:01 | Create | Villager (Male) |
| 0:01 | Create | Villager (Male) |
| 0:01 | Create | Villager (Male) |
| 0:02 | Create | Villager (Male) |
| 0:02 | Build | House |
| 0:03 | Build | House |
| 1:24 | Create | Villager (Male) |
| 1:24 | Create | Villager (Male) |
| 1:25 | Create | Villager (Male) |
| 1:58 | Build | Lumber Camp |
| 2:02 | Create | Villager (Male) |
| 2:02 | Create | Villager (Male) |
| 2:02 | Create | Villager (Male) |
| 2:20 | Create | Villager (Male) |
| 2:20 | Create | Villager (Male) |
| 2:46 | Create | Villager (Male) |
| 3:09 | Build | House |
| 3:10 | Build | House |
| 3:11 | Create | Villager (Male) |
| 3:11 | Create | Villager (Male) |
| 3:11 | Create | Villager (Male) |
| 3:25 | Create | Villager (Male) |
| 3:25 | Create | Villager (Male) |
| 3:25 | Create | Villager (Male) |
| 4:09 | Create | Villager (Male) |
| 4:19 | Create | Villager (Male) |
| 4:19 | Create | Villager (Male) |
| 4:19 | Create | Villager (Male) |
| 4:20 | Create | Villager (Male) |
| 5:14 | Build | Mining Camp |
| 5:20 | Create | Villager (Male) |
| 5:27 | Research | Loom |
| 6:30 | Research | Feudal Age |
| 6:30 | Research | Feudal Age |
| 6:30 | Research | Feudal Age |
| 6:30 | Research | Feudal Age |
| 7:46 | Build | Barracks |
| 7:59 | Build | Barracks |
| 8:08 | Create | Villager (Male) |
| 8:40 | Age | Feudal Age |
| 8:45 | Build | Archery Range |
| 8:53 | Create | Villager (Male) |
| 9:27 | Create | Villager (Male) |
| 9:48 | Build | Archery Range |
| 9:53 | Create | Archer |
| 10:02 | Create | Villager (Male) |
| 10:13 | Build | Mill |
| 10:16 | Research | Town Watch |
| 10:28 | Create | Villager (Male) |
| 10:38 | Create | Archer |
| 10:44 | Build | Palisade Wall |
| 10:48 | Build | House |
| 10:55 | Create | Archer |
| 10:55 | Create | Archer |
| 11:00 | Build | Palisade Wall |
| 11:10 | Build | House |
| 11:14 | Build | Palisade Wall |
| 11:20 | Create | Villager (Male) |
| 11:37 | Create | Archer |
| 11:38 | Create | Archer |
| 11:51 | Create | Villager (Male) |
| 11:55 | Build | House |
| 11:56 | Build | Palisade Wall |
| 12:07 | Create | Archer |
| 12:08 | Create | Archer |
| 12:19 | Create | Villager (Male) |
| 12:32 | Create | Archer |
| 12:38 | Create | Archer |
| 12:46 | Create | Villager (Male) |
| 13:07 | Build | Palisade Wall |
| 13:15 | Create | Villager (Male) |
| 13:17 | Build | Farm |
| 13:18 | Build | Farm |
| 13:18 | Build | Farm |
| 13:29 | Build | Farm |
| 13:30 | Build | Farm |
| 13:35 | Build | Farm |
| 13:49 | Create | Skirmisher |
| 13:50 | Create | Skirmisher |
| 13:50 | Create | Skirmisher |
| 13:50 | Create | Skirmisher |
| 13:54 | Create | Spearman |
| 13:56 | Create | Archer |
| 13:56 | Create | Archer |
| 14:07 | Build | Lumber Camp |
| 14:20 | Create | Spearman |
| 14:20 | Create | Spearman |
| 14:20 | Create | Spearman |
| 14:20 | Create | Spearman |
| 14:24 | Build | House |
| 14:32 | Create | Villager (Male) |
| 14:59 | Build | House |
| 15:03 | Create | Archer |
| 15:04 | Create | Archer |
| 15:14 | Create | Villager (Male) |
| 15:14 | Create | Villager (Male) |
| 15:26 | Create | Villager (Male) |
| 15:30 | Build | Farm |
| 16:00 | Build | Blacksmith |
| 16:09 | Create | Archer |
| 16:09 | Create | Archer |
| 16:17 | Create | Villager (Male) |
| 16:17 | Create | Villager (Male) |
| 16:21 | Build | Farm |
| 16:21 | Build | Farm |
| 16:32 | Create | Villager (Male) |
| 16:42 | Create | Archer |
| 16:42 | Create | Archer |
| 16:43 | Create | Villager (Male) |
| 16:58 | Research | Fletching |
| 17:01 | Create | Villager (Male) |
| 17:09 | Build | House |
| 17:10 | Build | Palisade Wall |
| 17:39 | Create | Archer |
| 17:39 | Create | Archer |
| 17:40 | Create | Villager (Male) |
| 17:40 | Create | Villager (Male) |
| 18:07 | Build | Archery Range |
| 18:15 | Create | Villager (Male) |
| 18:15 | Create | Villager (Male) |
| 18:17 | Create | Archer |
| 18:17 | Create | Archer |
| 18:17 | Create | Archer |
| 18:25 | Build | Watch Tower |
| 18:35 | Create | Archer |
| 18:35 | Create | Archer |
| 18:36 | Create | Villager (Male) |
| 18:43 | Build | House |
| 18:45 | Build | Palisade Wall |
| 18:52 | Create | Archer |
| 18:52 | Create | Archer |
| 18:52 | Create | Archer |
| 19:05 | Create | Villager (Male) |
| 19:05 | Create | Villager (Male) |
| 19:07 | Create | Archer |
| 19:08 | Create | Archer |
| 19:08 | Create | Archer |
| 19:15 | Create | Villager (Male) |
| 19:18 | Build | Farm |
| 19:21 | Build | Farm |
| 19:22 | Build | Farm |
| 19:42 | Create | Villager (Male) |
| 19:46 | Create | Archer |
| 19:46 | Create | Archer |
| 19:53 | Build | Farm |
| 20:03 | Research | Padded Archer Armor |
| 20:14 | Create | Archer |
| 20:14 | Create | Archer |
| 20:15 | Create | Villager (Male) |
| 20:16 | Create | Villager (Male) |
Build order — Depa
First 150 of 520 actions detected
| 0:00 | Create | Villager (Male) |
| 0:01 | Create | Villager (Male) |
| 0:01 | Create | Villager (Male) |
| 0:04 | Build | House |
| 0:05 | Build | House |
| 0:35 | Create | Villager (Male) |
| 0:35 | Create | Villager (Male) |
| 0:35 | Create | Villager (Male) |
| 1:41 | Create | Villager (Male) |
| 1:41 | Create | Villager (Male) |
| 1:41 | Create | Villager (Male) |
| 2:04 | Create | Villager (Male) |
| 2:04 | Create | Villager (Male) |
| 2:11 | Build | Lumber Camp |
| 2:38 | Create | Villager (Male) |
| 2:38 | Create | Villager (Male) |
| 2:39 | Create | Villager (Male) |
| 2:54 | Build | House |
| 2:55 | Build | House |
| 3:04 | Create | Villager (Male) |
| 3:05 | Create | Villager (Male) |
| 3:28 | Create | Villager (Male) |
| 4:05 | Create | Villager (Male) |
| 4:05 | Create | Villager (Male) |
| 4:05 | Create | Villager (Male) |
| 4:05 | Create | Villager (Male) |
| 4:20 | Create | Villager (Male) |
| 4:58 | Create | Villager (Male) |
| 4:58 | Create | Villager (Male) |
| 5:47 | Create | Villager (Male) |
| 5:47 | Create | Villager (Male) |
| 6:07 | Build | Mill |
| 6:42 | Create | Villager (Male) |
| 7:10 | Build | House |
| 7:19 | Create | Villager (Male) |
| 7:29 | Build | Mill |
| 7:46 | Research | Feudal Age |
| 8:19 | Research | Loom |
| 9:09 | Build | Mining Camp |
| 9:34 | Create | Villager (Male) |
| 9:50 | Age | Feudal Age |
| 9:53 | Build | Market |
| 10:27 | Create | Villager (Male) |
| 10:34 | Build | Blacksmith |
| 10:57 | Create | Villager (Male) |
| 11:06 | Build | House |
| 11:18 | Build | Farm |
| 11:19 | Build | Farm |
| 11:57 | Build | House |
| 12:11 | Create | Villager (Male) |
| 12:23 | Build | Barracks |
| 12:48 | Research | Castle Age |
| 12:58 | Build | Palisade Wall |
| 13:07 | Build | Farm |
| 13:12 | Build | Farm |
| 13:22 | Research | Double-Bit Axe |
| 13:59 | Build | Farm |
| 14:03 | Build | Farm |
| 14:17 | Create | Villager (Male) |
| 14:17 | Create | Villager (Male) |
| 14:57 | Build | Stable |
| 15:14 | Age | Castle Age |
| 15:19 | Research | Scale Barding Armor |
| 15:35 | Build | Palisade Wall |
| 15:42 | Create | Villager (Male) |
| 15:42 | Create | Villager (Male) |
| 15:46 | Create | Knight |
| 15:47 | Create | Knight |
| 15:54 | Build | Farm |
| 16:00 | Build | Farm |
| 16:08 | Build | Palisade Wall |
| 16:15 | Create | Knight |
| 16:15 | Create | Knight |
| 16:39 | Create | Villager (Male) |
| 16:39 | Create | Villager (Male) |
| 16:39 | Create | Villager (Male) |
| 17:00 | Build | Town Center |
| 17:05 | Create | Villager (Male) |
| 17:10 | Create | Villager (Male) |
| 17:10 | Create | Villager (Male) |
| 17:16 | Build | Palisade Wall |
| 17:31 | Create | Knight |
| 18:08 | Build | House |
| 18:09 | Build | House |
| 18:10 | Build | House |
| 19:04 | Research | Forging |
| 19:05 | Create | Villager (Male) |
| 19:05 | Create | Villager (Male) |
| 19:05 | Create | Villager (Male) |
| 19:05 | Create | Villager (Male) |
| 19:08 | Build | Farm |
| 19:40 | Create | Villager (Male) |
| 19:40 | Create | Villager (Male) |
| 19:41 | Create | Villager (Male) |
| 19:43 | Build | Farm |
| 19:49 | Build | Stable |
| 20:01 | Build | Farm |
| 20:02 | Build | Farm |
| 20:23 | Create | Knight |
| 20:23 | Create | Knight |
| 20:24 | Create | Knight |
| 20:45 | Build | House |
| 20:46 | Build | Farm |
| 20:49 | Research | Horse Collar |
| 20:49 | Research | Horse Collar |
| 20:55 | Create | Villager (Male) |
| 20:55 | Create | Villager (Male) |
| 20:55 | Create | Villager (Male) |
| 20:55 | Create | Villager (Male) |
| 20:55 | Create | Villager (Male) |
| 20:56 | Create | Villager (Male) |
| 21:19 | Build | Monastery |
| 21:30 | Create | Knight |
| 21:35 | Create | Knight |
| 21:35 | Create | Knight |
| 21:39 | Build | Lumber Camp |
| 21:43 | Create | Villager (Male) |
| 21:43 | Create | Villager (Male) |
| 21:50 | Create | Villager (Male) |
| 21:50 | Create | Villager (Male) |
| 21:50 | Create | Villager (Male) |
| 22:24 | Research | Town Watch |
| 22:25 | Create | Villager (Male) |
| 22:25 | Create | Villager (Male) |
| 22:25 | Create | Villager (Male) |
| 22:30 | Build | House |
| 22:30 | Build | House |
| 22:47 | Research | Fletching |
| 22:59 | Build | Farm |
| 22:59 | Build | Farm |
| 23:04 | Create | Villager (Male) |
| 23:04 | Create | Villager (Male) |
| 23:08 | Create | Monk |
| 23:08 | Create | Monk |
| 23:18 | Build | Farm |
| 23:19 | Build | Farm |
| 23:56 | Build | Farm |
| 24:00 | Research | Wheelbarrow |
| 24:07 | Create | Villager (Male) |
| 24:07 | Create | Villager (Male) |
| 24:22 | Create | Villager (Male) |
| 24:24 | Create | Villager (Male) |
| 24:28 | Build | House |
| 24:30 | Build | House |
| 24:52 | Research | Bloodlines |
| 24:59 | Create | Knight |
| 25:00 | Create | Knight |
| 25:19 | Create | Knight |
| 25:42 | Create | Villager (Male) |
| 25:42 | Create | Villager (Male) |
Build order — Sanasol
First 150 of 472 actions detected
| 0:02 | Create | Villager (Male) |
| 0:02 | Create | Villager (Male) |
| 0:02 | Create | Villager (Male) |
| 0:03 | Create | Villager (Male) |
| 0:04 | Build | House |
| 0:05 | Build | House |
| 1:38 | Create | Villager (Male) |
| 1:38 | Create | Villager (Male) |
| 1:38 | Create | Villager (Male) |
| 1:47 | Build | Lumber Camp |
| 2:04 | Create | Villager (Male) |
| 2:28 | Create | Villager (Male) |
| 2:28 | Create | Villager (Male) |
| 2:28 | Create | Villager (Male) |
| 2:52 | Create | Villager (Male) |
| 3:22 | Create | Villager (Male) |
| 3:22 | Create | Villager (Male) |
| 3:22 | Create | Villager (Male) |
| 3:57 | Build | House |
| 4:01 | Build | House |
| 4:11 | Create | Villager (Male) |
| 4:11 | Create | Villager (Male) |
| 4:39 | Build | Mill |
| 4:47 | Build | Mining Camp |
| 5:05 | Research | Loom |
| 5:18 | Create | Villager (Male) |
| 5:18 | Create | Villager (Male) |
| 5:57 | Create | Villager (Male) |
| 5:57 | Create | Villager (Male) |
| 6:01 | Create | Villager (Male) |
| 6:18 | Build | Mill |
| 6:22 | Create | Villager (Male) |
| 6:23 | Create | Villager (Male) |
| 8:23 | Research | Feudal Age |
| 8:37 | Build | Palisade Wall |
| 8:40 | Build | Palisade Wall |
| 8:46 | Build | House |
| 8:49 | Build | Palisade Wall |
| 8:59 | Create | Villager (Male) |
| 8:59 | Create | Villager (Male) |
| 9:14 | Build | Palisade Gate |
| 9:27 | Build | Palisade Wall |
| 9:37 | Create | Villager (Male) |
| 9:37 | Create | Villager (Male) |
| 10:07 | Build | Barracks |
| 10:18 | Create | Villager (Male) |
| 10:18 | Create | Villager (Male) |
| 10:18 | Create | Villager (Male) |
| 10:33 | Age | Feudal Age |
| 10:34 | Create | Villager (Male) |
| 10:35 | Create | Villager (Male) |
| 11:06 | Build | Archery Range |
| 11:08 | Build | Palisade Wall |
| 11:17 | Build | House |
| 11:22 | Create | Villager (Male) |
| 11:28 | Build | Palisade Wall |
| 12:06 | Build | Blacksmith |
| 12:15 | Create | Villager (Male) |
| 12:15 | Create | Villager (Male) |
| 12:31 | Build | Palisade Wall |
| 12:43 | Create | Archer |
| 12:43 | Create | Archer |
| 12:44 | Create | Archer |
| 12:44 | Create | Archer |
| 12:44 | Create | Archer |
| 12:44 | Create | Archer |
| 12:44 | Create | Archer |
| 12:51 | Create | Villager (Male) |
| 12:51 | Create | Villager (Male) |
| 12:58 | Create | Villager (Male) |
| 12:58 | Create | Villager (Male) |
| 13:13 | Research | Fletching |
| 13:15 | Create | Archer |
| 13:15 | Create | Archer |
| 13:16 | Create | Archer |
| 13:16 | Create | Archer |
| 13:16 | Create | Archer |
| 13:16 | Create | Archer |
| 13:23 | Build | House |
| 13:24 | Build | House |
| 13:29 | Create | Archer |
| 13:30 | Create | Archer |
| 13:30 | Create | Archer |
| 13:30 | Create | Archer |
| 13:35 | Create | Villager (Male) |
| 13:35 | Create | Villager (Male) |
| 13:47 | Create | Villager (Male) |
| 14:01 | Create | Archer |
| 14:02 | Create | Archer |
| 14:02 | Create | Archer |
| 14:17 | Create | Archer |
| 14:18 | Create | Archer |
| 14:18 | Create | Archer |
| 14:25 | Create | Villager (Male) |
| 14:25 | Create | Villager (Male) |
| 14:35 | Build | Market |
| 14:53 | Create | Archer |
| 14:53 | Create | Archer |
| 15:07 | Create | Villager (Male) |
| 15:07 | Create | Villager (Male) |
| 15:11 | Build | House |
| 15:12 | Build | Palisade Wall |
| 15:25 | Build | Farm |
| 15:28 | Build | Farm |
| 15:29 | Build | Farm |
| 15:30 | Create | Archer |
| 15:31 | Create | Archer |
| 15:31 | Create | Archer |
| 15:31 | Create | Archer |
| 15:49 | Create | Archer |
| 15:54 | Build | Farm |
| 16:00 | Build | Building 796 |
| 16:02 | Build | Palisade Wall |
| 16:15 | Create | Archer |
| 16:15 | Create | Archer |
| 16:16 | Create | Villager (Male) |
| 16:16 | Create | Villager (Male) |
| 16:18 | Build | Farm |
| 16:20 | Build | Farm |
| 16:20 | Build | Farm |
| 16:20 | Build | Farm |
| 16:21 | Create | Villager (Male) |
| 16:21 | Create | Villager (Male) |
| 17:05 | Create | Villager (Male) |
| 17:06 | Create | Villager (Male) |
| 17:09 | Create | Villager (Male) |
| 17:10 | Create | Villager (Male) |
| 17:12 | Build | Farm |
| 17:12 | Build | Farm |
| 17:12 | Build | Farm |
| 17:12 | Build | Farm |
| 17:13 | Build | Farm |
| 18:04 | Create | Villager (Male) |
| 18:05 | Create | Villager (Male) |
| 18:06 | Build | Farm |
| 18:06 | Build | Farm |
| 18:07 | Build | Farm |
| 18:07 | Build | Farm |
| 18:07 | Build | Farm |
| 18:34 | Build | Farm |
| 18:35 | Build | Farm |
| 18:35 | Build | Farm |
| 18:35 | Build | Farm |
| 18:35 | Build | Farm |
| 18:35 | Build | Farm |
| 18:36 | Build | Farm |
| 18:36 | Build | Farm |
| 18:36 | Build | Farm |
| 18:51 | Build | House |
| 19:02 | Build | Stone Wall |
Build order — Gianncrack
First 150 of 158 actions detected
| 0:01 | Create | Villager (Male) |
| 0:02 | Build | House |
| 0:03 | Build | House |
| 0:05 | Create | Villager (Male) |
| 0:08 | Create | Villager (Male) |
| 0:09 | Create | Villager (Male) |
| 0:09 | Create | Villager (Male) |
| 0:09 | Create | Villager (Male) |
| 1:34 | Create | Villager (Male) |
| 1:34 | Create | Villager (Male) |
| 1:51 | Build | Lumber Camp |
| 2:07 | Create | Villager (Male) |
| 2:07 | Create | Villager (Male) |
| 2:23 | Create | Villager (Male) |
| 2:51 | Create | Villager (Male) |
| 3:05 | Build | House |
| 3:07 | Build | House |
| 3:19 | Create | Villager (Male) |
| 3:19 | Create | Villager (Male) |
| 3:42 | Create | Villager (Male) |
| 4:09 | Create | Villager (Male) |
| 4:17 | Build | Mill |
| 4:39 | Research | Loom |
| 5:19 | Create | Villager (Male) |
| 5:19 | Create | Villager (Male) |
| 5:26 | Create | Villager (Male) |
| 5:32 | Create | Villager (Male) |
| 5:52 | Create | Villager (Male) |
| 6:31 | Create | Villager (Male) |
| 6:49 | Build | Mining Camp |
| 7:16 | Create | Villager (Male) |
| 7:16 | Create | Villager (Male) |
| 8:05 | Research | Feudal Age |
| 8:22 | Build | Palisade Wall |
| 8:27 | Build | House |
| 8:39 | Build | Barracks |
| 8:47 | Create | Villager (Male) |
| 8:47 | Create | Villager (Male) |
| 8:47 | Create | Villager (Male) |
| 10:24 | Age | Feudal Age |
| 10:27 | Build | Blacksmith |
| 10:28 | Build | Palisade Wall |
| 10:38 | Build | Stable |
| 11:04 | Create | Villager (Male) |
| 11:24 | Build | Market |
| 11:33 | Create | Villager (Male) |
| 13:30 | Research | Castle Age |
| 13:32 | Build | House |
| 13:35 | Build | House |
| 13:36 | Build | Palisade Wall |
| 13:43 | Build | House |
| 13:46 | Build | Palisade Wall |
| 13:54 | Build | House |
| 14:01 | Build | Palisade Wall |
| 14:02 | Build | Palisade Wall |
| 14:05 | Build | Palisade Wall |
| 14:06 | Build | Palisade Wall |
| 14:09 | Build | Palisade Wall |
| 14:11 | Build | Palisade Wall |
| 14:32 | Build | Farm |
| 14:58 | Build | Farm |
| 15:00 | Build | Farm |
| 15:02 | Build | Farm |
| 15:04 | Build | Farm |
| 15:05 | Build | Farm |
| 15:31 | Build | Farm |
| 15:56 | Build | Farm |
| 16:10 | Age | Castle Age |
| 16:12 | Create | Steppe Lancer |
| 16:35 | Create | Steppe Lancer |
| 16:57 | Create | Steppe Lancer |
| 17:57 | Build | Lumber Camp |
| 18:02 | Create | Steppe Lancer |
| 18:11 | Create | Villager (Male) |
| 18:26 | Create | Villager (Male) |
| 18:53 | Create | Villager (Male) |
| 18:56 | Build | Farm |
| 19:15 | Build | Farm |
| 19:29 | Create | Steppe Lancer |
| 19:42 | Build | Farm |
| 19:55 | Create | Steppe Lancer |
| 20:11 | Create | Villager (Male) |
| 20:24 | Create | Villager (Male) |
| 20:44 | Create | Villager (Male) |
| 21:03 | Create | Villager (Male) |
| 21:19 | Create | Steppe Lancer |
| 21:43 | Build | Siege Workshop |
| 21:46 | Create | Steppe Lancer |
| 22:04 | Create | Steppe Lancer |
| 22:19 | Create | Villager (Male) |
| 22:42 | Create | Steppe Lancer |
| 22:57 | Create | Mangonel |
| 22:58 | Create | Mangonel |
| 23:02 | Create | Steppe Lancer |
| 23:05 | Build | Farm |
| 23:07 | Build | Farm |
| 23:14 | Build | House |
| 23:20 | Create | Villager (Male) |
| 23:34 | Create | Villager (Male) |
| 23:37 | Build | Lumber Camp |
| 24:06 | Create | Villager (Male) |
| 24:12 | Build | House |
| 24:27 | Create | Villager (Male) |
| 24:37 | Build | Farm |
| 24:45 | Create | Villager (Male) |
| 25:58 | Create | Steppe Lancer |
| 26:05 | Create | Steppe Lancer |
| 26:14 | Create | Steppe Lancer |
| 26:16 | Create | Villager (Male) |
| 26:17 | Build | Farm |
| 26:19 | Build | Farm |
| 26:20 | Build | Farm |
| 26:30 | Create | Villager (Male) |
| 26:41 | Create | Villager (Male) |
| 26:50 | Research | Double-Bit Axe |
| 26:53 | Research | Horse Collar |
| 26:59 | Build | House |
| 27:01 | Build | House |
| 27:21 | Create | Villager (Male) |
| 27:47 | Build | Archery Range |
| 27:51 | Create | Villager (Male) |
| 27:55 | Create | Villager (Male) |
| 28:04 | Build | House |
| 28:06 | Build | House |
| 28:08 | Build | House |
| 28:31 | Research | Fletching |
| 28:34 | Create | Villager (Male) |
| 28:46 | Create | Villager (Male) |
| 28:51 | Build | Archery Range |
| 29:10 | Create | Villager (Male) |
| 29:23 | Create | Villager (Male) |
| 29:39 | Create | Villager (Male) |
| 29:55 | Create | Cavalry Archer |
| 29:56 | Create | Cavalry Archer |
| 29:56 | Create | Cavalry Archer |
| 29:59 | Build | Farm |
| 30:06 | Research | Bodkin Arrow |
| 30:31 | Create | Cavalry Archer |
| 30:31 | Create | Cavalry Archer |
| 30:31 | Create | Cavalry Archer |
| 30:49 | Create | Cavalry Archer |
| 30:50 | Create | Cavalry Archer |
| 31:17 | Create | Cavalry Archer |
| 32:01 | Create | Cavalry Archer |
| 32:01 | Create | Cavalry Archer |
| 32:19 | Build | Monastery |
| 32:43 | Create | Villager (Male) |
| 32:44 | Create | Villager (Male) |
| 32:56 | Build | Stable |
| 33:06 | Create | Villager (Male) |
Match timeline
| 4:11 | 2rich4u81 · wall_segment Palisade Wall x3 |
| 4:13 | 2rich4u81 · wall_segment Palisade Wall x3 |
| 7:46 | RDA Ronan · first_building Barracks |
| 8:03 | 2rich4u81 · wall_segment Palisade Wall x1 |
| 8:11 | RDA | Trippelonga · first_building Barracks |
| 8:13 | drejac · wall_segment Palisade Wall x8 |
| 8:22 | Gianncrack · wall_segment Palisade Wall x1 |
| 8:23 | drejac · wall_segment Palisade Wall x1 |
| 8:25 | 2rich4u81 · first_building Barracks |
| 8:36 | Mceffe · first_building Barracks |
| 8:37 | Sanasol · wall_segment Palisade Wall x3 |
| 8:39 | Gianncrack · first_building Barracks |
| 8:40 | Sanasol · wall_segment Palisade Wall x6 |
| 8:40 | RDA Ronan · age_up feudal |
| 8:45 | RDA Ronan · first_building Archery Range |
| 8:49 | Sanasol · wall_segment Palisade Wall x13 |
| 9:03 | RDA | Trippelonga · age_up feudal |
| 9:09 | RDA | Trippelonga · first_building Stable |
| 9:17 | Mceffe · age_up feudal |
| 9:21 | drejac · age_up feudal |
| 9:27 | Sanasol · wall_segment Palisade Wall x14 |
| 9:28 | drejac · first_building Stable |
| 9:35 | RDA | Trippelonga · wall_segment Palisade Wall x10 |
| 9:36 | Mceffe · first_building Stable |
| 9:39 | RDA | Trippelonga · wall_segment Palisade Wall x3 |
| 9:42 | Mceffe · wall_segment Palisade Wall x3 |
| 9:43 | Mceffe · wall_segment Palisade Wall x14 |
| 9:50 | Depa · age_up feudal |
| 9:53 | 2rich4u81 · age_up feudal |
| 9:59 | 2rich4u81 · first_building Archery Range |
| 10:07 | Sanasol · first_building Barracks |
| 10:20 | RDA | Trippelonga · wall_segment Palisade Wall x1 |
| 10:24 | Gianncrack · age_up feudal |
| 10:28 | Gianncrack · wall_segment Palisade Wall x1 |
| 10:33 | Sanasol · age_up feudal |
| 10:34 | RDA | Trippelonga · wall_segment Palisade Wall x9 |
| 10:38 | Gianncrack · first_building Stable |
| 10:43 | Mceffe · wall_segment Palisade Wall x13 |
| 10:44 | RDA Ronan · wall_segment Palisade Wall x1 |
| 10:45 | Mceffe · wall_segment Palisade Wall x7 |
| 10:47 | RDA | Trippelonga · wall_segment Palisade Wall x14 |
| 10:49 | drejac · wall_segment Palisade Wall x8 |
| 10:52 | 2rich4u81 · wall_segment Palisade Wall x8 |
| 10:53 | drejac · wall_segment Palisade Wall x13 |
| 10:58 | drejac · wall_segment Palisade Wall x13 |
| 11:00 | RDA Ronan · wall_segment Palisade Wall x1 |
| 11:01 | drejac · wall_segment Palisade Wall x10 |
| 11:02 | drejac · wall_segment Palisade Wall x1 |
| 11:06 | Sanasol · first_building Archery Range |
| 11:08 | Sanasol · wall_segment Palisade Wall x5 |
| 11:14 | RDA Ronan · wall_segment Palisade Wall x5 |
| 11:21 | Mceffe · wall_segment Palisade Wall x13 |
| 11:26 | RDA | Trippelonga · wall_segment Palisade Wall x6 |
| 11:27 | RDA | Trippelonga · wall_segment Palisade Wall x1 |
| 11:28 | Sanasol · wall_segment Palisade Wall x2 |
| 11:51 | RDA | Trippelonga · wall_segment Palisade Wall x1 |
| 11:56 | RDA Ronan · wall_segment Palisade Wall x6 |
| 12:15 | RDA | Trippelonga · wall_segment Palisade Wall x17 |
| 12:23 | Depa · first_building Barracks |
| 12:31 | Sanasol · wall_segment Palisade Wall x5 |
| 12:46 | Depa · first_market_sell 100 stone |
| 12:47 | Depa · first_market_buy 100 food |
| 12:54 | Gianncrack · first_market_sell 100 stone |
| 12:55 | Gianncrack · first_market_buy 100 food |
| 12:58 | Depa · wall_segment Palisade Wall x7 |
| 13:07 | RDA Ronan · wall_segment Palisade Wall x1 |
| 13:16 | Mceffe · wall_segment Palisade Wall x20 |
| 13:36 | Gianncrack · wall_segment Palisade Wall x1 |
| 13:46 | Gianncrack · wall_segment Palisade Wall x1 |
| 14:01 | Gianncrack · wall_segment Palisade Wall x1 |
| 14:02 | Gianncrack · wall_segment Palisade Wall x1 |
| 14:05 | Gianncrack · wall_segment Palisade Wall x1 |
| 14:06 | Gianncrack · wall_segment Palisade Wall x1 |
| 14:09 | 2rich4u81 · wall_segment Palisade Wall x1 |
| 14:09 | Gianncrack · wall_segment Palisade Wall x1 |
| 14:11 | Gianncrack · wall_segment Palisade Wall x1 |
| 14:15 | Mceffe · wall_segment Palisade Wall x16 |
| 14:57 | Depa · first_building Stable |
| 15:12 | Sanasol · wall_segment Palisade Wall x2 |
| 15:14 | Depa · age_up castle |
| 15:35 | Depa · wall_segment Palisade Wall x5 |
| 16:02 | Sanasol · wall_segment Palisade Wall x10 |
| 16:08 | Depa · wall_segment Palisade Wall x6 |
| 16:10 | Gianncrack · age_up castle |
| 16:19 | Mceffe · wall_segment Palisade Wall x1 |
| 16:22 | 2rich4u81 · wall_segment Palisade Wall x12 |
| 16:41 | RDA | Trippelonga · wall_segment Palisade Wall x1 |
| 17:10 | RDA Ronan · wall_segment Palisade Wall x6 |
| 17:16 | Depa · wall_segment Palisade Wall x13 |
| 18:11 | 2rich4u81 · wall_segment Palisade Wall x1 |
| 18:45 | RDA Ronan · wall_segment Palisade Wall x4 |
| 18:55 | RDA | Trippelonga · first_market_sell 500 wood |
| 18:57 | RDA | Trippelonga · first_market_buy 100 food |
| 19:02 | Sanasol · wall_segment Stone Wall x4 |
| 19:20 | Sanasol · wall_segment Stone Wall x1 |
| 19:39 | Sanasol · wall_segment Stone Wall x4 |
| 19:40 | Mceffe · first_market_buy 100 food |
| 19:41 | Sanasol · wall_segment Stone Wall x5 |
| 19:47 | Sanasol · first_market_sell 100 wood |
| 19:48 | Sanasol · first_market_buy 100 food |
| 20:04 | 2rich4u81 · wall_segment Palisade Wall x1 |
| 20:30 | 2rich4u81 · first_market_sell 100 stone |
| 20:35 | 2rich4u81 · first_market_buy 100 food |
| 21:14 | RDA Ronan · wall_segment Palisade Wall x5 |
| 21:18 | Sanasol · wall_segment Stone Wall x2 |
| 21:19 | Depa · first_building Monastery |
| 21:31 | Sanasol · wall_segment Stone Wall x1 |
| 21:43 | Gianncrack · first_building Siege Workshop |
| 22:16 | RDA Ronan · wall_segment Palisade Wall x14 |
| 22:32 | RDA Ronan · wall_segment Palisade Wall x1 |
| 22:50 | Mceffe · age_up castle |
| 22:56 | RDA | Trippelonga · age_up castle |
| 23:10 | Sanasol · wall_segment Stone Wall x3 |
| 23:19 | RDA Ronan · wall_segment Palisade Wall x1 |
| 23:23 | 2rich4u81 · age_up castle |
| 23:46 | drejac · age_up castle |
| 24:16 | RDA Ronan · wall_segment Palisade Wall x1 |
| 24:34 | Sanasol · age_up castle |
| 25:48 | RDA Ronan · age_up castle |
| 26:01 | RDA Ronan · wall_segment Palisade Wall x1 |
| 27:19 | RDA Ronan · first_market_sell 100 wood |
| 27:21 | RDA Ronan · first_market_buy 100 stone |
| 27:47 | Gianncrack · first_building Archery Range |
| 29:01 | Mceffe · first_market_sell 100 food |
| 29:01 | Sanasol · wall_segment Stone Wall x5 |
| 29:03 | Mceffe · first_building Monastery |
| 29:06 | Sanasol · wall_segment Stone Wall x11 |
| 29:11 | drejac · wall_segment Palisade Wall x1 |
| 29:19 | Sanasol · wall_segment Stone Wall x13 |
| 30:07 | Depa · first_building Castle |
| 31:50 | Sanasol · first_building Siege Workshop |
| 32:19 | Gianncrack · first_building Monastery |
| 32:52 | 2rich4u81 · first_building Monastery |
| 33:37 | Sanasol · wall_segment Palisade Wall x7 |
| 33:39 | Sanasol · wall_segment Palisade Wall x4 |
| 34:19 | Depa · first_building Siege Workshop |
| 34:51 | Gianncrack · wall_segment Palisade Wall x1 |
| 35:41 | RDA Ronan · first_building Castle |
| 35:41 | Gianncrack · resign |
| 37:21 | RDA | Trippelonga · first_building Monastery |
| 37:44 | RDA Ronan · wall_segment Palisade Wall x1 |
| 37:54 | Mceffe · first_building Castle |
| 38:00 | Sanasol · first_building Castle |
| 38:23 | Sanasol · wall_segment Stone Wall x2 |
| 38:47 | RDA Ronan · wall_segment Stone Wall x11 |
| 38:48 | 2rich4u81 · age_up imperial |
| 39:02 | Mceffe · wall_segment Palisade Wall x1 |
| 39:07 | drejac · first_building Castle |
| 39:29 | Sanasol · first_building Monastery |
| 39:49 | drejac · wall_segment Palisade Wall x1 |
| 39:50 | drejac · wall_segment Palisade Wall x1 |
| 40:36 | drejac · first_building Monastery |
| 41:08 | RDA | Trippelonga · age_up imperial |
| 42:01 | Mceffe · wall_segment Stone Wall x15 |
| 43:05 | 2rich4u81 · first_building Castle |
| 43:08 | Mceffe · tribute_sent a jugador 1 |
| 43:08 | Mceffe · tribute_sent a jugador 2 |
| 43:08 | Mceffe · tribute_sent a jugador 3 |
| 43:08 | Mceffe · tribute_sent a jugador 4 |
| 43:08 | Mceffe · tribute_sent a jugador 6 |
| 43:08 | Mceffe · tribute_sent a jugador 7 |
| 43:08 | Mceffe · tribute_sent a jugador 8 |
| 43:22 | Depa · age_up imperial |
| 44:29 | Mceffe · age_up imperial |
| 45:48 | RDA | Trippelonga · first_building Castle |
| 47:15 | drejac · tribute_sent a jugador 2 |
| 47:15 | drejac · tribute_sent a jugador 3 |
| 47:15 | drejac · tribute_sent a jugador 4 |
| 47:15 | drejac · tribute_sent a jugador 5 |
| 47:15 | drejac · tribute_sent a jugador 6 |
| 47:16 | drejac · tribute_sent a jugador 7 |
| 47:16 | drejac · tribute_sent a jugador 8 |
| 48:16 | drejac · tribute_sent a jugador 2 |
| 48:16 | drejac · tribute_sent a jugador 3 |
| 48:16 | drejac · tribute_sent a jugador 4 |
| 48:16 | drejac · tribute_sent a jugador 5 |
| 48:16 | drejac · tribute_sent a jugador 6 |
| 48:16 | drejac · tribute_sent a jugador 7 |
| 48:16 | drejac · tribute_sent a jugador 8 |
| 48:24 | Mceffe · tribute_sent a jugador 1 |
| 48:24 | Mceffe · tribute_sent a jugador 2 |
| 48:24 | Mceffe · tribute_sent a jugador 3 |
| 48:24 | Mceffe · tribute_sent a jugador 4 |
| 48:24 | Mceffe · tribute_sent a jugador 6 |
| 48:24 | Mceffe · tribute_sent a jugador 7 |
| 48:24 | Mceffe · tribute_sent a jugador 8 |
[ AI ANALYSIS · 1 CREDIT ]
What really happened in this match?
Wolo.gg analyzes every decision: build order, eco, micro, common mistakes by bracket. Personalized analysis on WhatsApp or Discord in 30 seconds.
Civ guide
Franks
Map guide
Arabia
Perfil
Jugador #944821